 Dungeon Crawl Stone Soup version 0.20.1-1-g8b1a95d (webtiles) character file.

134 slep the Skirmisher (level 4, 0/55 HPs)
             Began as a Demonspawn Fighter on Dec 21, 2017.
             Killed from afar by Duvessa (4 damage)
             ... with a wand of flame (?/48)
             ... on level 4 of the Dungeon.
             The game lasted 00:07:28 (2482 turns).

slep the Skirmisher (Demonspawn Fighter)            Turns: 2482, Time: 00:07:29

Health: 0/55       AC: 22    Str: 16    XL:     4   Next: 95%
Magic:  4/4        EV:  2    Int:  9    God:
Gold:   70         SH:  0    Dex: 14    Spells: 3/3 levels left

rFire    . . .     SeeInvis .   a - +0 war axe
rCold    . . .     Gourm    .   (no shield)
rNeg     + + +     Faith    .   (armour currently unavailable)
rPois    +         Spirit   .   (helmet currently unavailable)
rElec    .         Reflect  .   (cloak currently unavailable)
rCorr    .         Harm     .   (gloves currently unavailable)
MR       .....     NoTele   +   (boots currently unavailable)
Stlth    +.........             (no amulet)
Regen    0.2/turn               j - ring of loudness (curse)
MPRegen  0.1/turn               (no ring)

@: tree-form
A: nightstalker 1
a: no special abilities


You were on level 4 of the Dungeon.
You were very hungry.
You were a tree.
You visited 1 branch of the dungeon, and saw 4 of its levels.

You collected 70 gold pieces.

Inventory:

Hand Weapons
 a - a +0 war axe (weapon)
Missiles
 e - 13 poisoned needles
 h - 36 sling bullets
Armour
 b - a +0 scale mail (melded)
Jewellery
 j - a cursed ring of loudness (left branch)
Scrolls
 i - a scroll of enchant armour {unknown}
 k - a scroll of remove curse {unknown}
 n - a scroll of identify {unknown}
 o - a scroll of immolation {unknown}
 q - a scroll of fog {unknown}
 r - a scroll of magic mapping {unknown}
 w - a scroll of enchant weapon {unknown}
Potions
 d - 2 potions of might
 g - 3 potions of lignification
 l - 4 potions of curing {unknown}
 m - a potion of haste {unknown}
 p - 2 potions of ambrosia {unknown}
 s - 2 potions of heal wounds {unknown}
 t - a potion of degeneration {unknown}
 v - a potion of brilliance {unknown}
Comestibles
 f - 2 bread rations
 u - a meat ration


   Skills:
 + Level 3.8 Fighting
 + Level 3.5 Axes
 + Level 3.3 Armour
 + Level 0.3 Dodging
   Level 2.6 Shields


You had 3 spell levels left.
You didn't know any spells.

Dungeon Overview and Level Annotations

Branches:
Dungeon (4/15)
 Temple: D:4-7

Altars:
Ashenzari
Nemelex Xobeh

Annotations:
D:4 Dowan, Duvessa


Innate Abilities, Weirdness & Mutations

((You are partially covered in icy blue scales. (AC +2)))
You are slightly more attuned to the shadows.


Message History

The puff of flame hits you! The hound bites you.
Dowan smirks and points a slender finger.
Dowan gestures wildly while chanting.
Dowan blinks!
You barely miss Duvessa.
Duvessa is lightly wounded.
You closely miss the hound. The hound barely misses you.
Duvessa hits you with a short sword.
* * * LOW HITPOINT WARNING * * *
The hound bites you.
* * * LOW HITPOINT WARNING * * *
It was a potion of magic.
Magic courses through your body.
Duvessa zaps a wand.
The puff of flame hits you!
* * * LOW HITPOINT WARNING * * *
The hound barely misses you.
It was a potion of lignification.
You turn into a tree.
Your +0 scale mail melds into your body.
Your roots penetrate the ground.
The hound bites you but does no damage.
Duvessa zaps a wand.
The puff of flame hits you!
You die...

.#########
.#.....%..
..$......
#.......$
#........
######..h...<.
#.....e♣).....
...####..e.....##
#####....... ###
..#######


eo...... #...... #...... #..<... #...>...... You could see Duvessa, Dowan and a
hound.

Vanquished Creatures
  3 adders
  2 oozes
  A worm (D:2)
  4 dart slugs
  4 leopard geckos
  3 orcs
  9 bats
  3 giant cockroaches
  8 goblins
  5 hobgoblins
  11 jackals
  7 kobolds
  3 quokkas
  3 ball pythons
  5 frilled lizards
  7 rats
78 creatures vanquished.

Notes
Turn   | Place    | Note
-------+----------+-------------------------------------------
     0 | D:1      | slep the Demonspawn Fighter began the quest for the Orb.
     0 | D:1      | Reached XP level 1. HP: 18/18 MP: 1/1
    62 | D:1      | Gained mutation: You are slightly more attuned to the shadows. [demonic ancestry]
    62 | D:1      | Reached XP level 2. HP: 23/24 MP: 2/2
   301 | D:1      | Reached XP level 3. HP: 19/29 MP: 3/3
   988 | D:2      | Gained mutation: You are partially covered in icy blue scales. (AC +2) [demonic ancestry]
   988 | D:2      | Reached XP level 4. HP: 19/36 MP: 4/4
  1387 | D:2      | Found a sparkling altar of Nemelex Xobeh.
  1476 | D:3      | Found a shattered altar of Ashenzari.
  2468 | D:4      | Noticed Duvessa
  2473 | D:4      | Noticed Dowan
  2482 | D:4      | Killed from afar by Duvessa

Skill      XL: |  1  2  3 |
---------------+----------+-----
Armour         | 3 |  3.3
Axes           | 2 3 |  3.5
Fighting       | |  3.8
Dodging        | |  0.3
Shields        | |  2.6

Action                   |  1- 3 |  4- 6 || total
-------------------------+-------+-------++-------
Melee: War axe           |   136 |    74 ||   210
  Use: Potion            |       |     2 ||     2
  Eat: Chunk             |       |     4 ||     4
Armor: Scale mail        |    88 |    61 ||   149
       Skin              |       |     1 ||     1
Dodge: Dodged            |    93 |    61 ||   154
